AoeStats
← TiGRaHsIEh

Black Forest

507747599Analyzed
3v3 RM · 13d ago on Sep 19, 2026· 74m 54s· 6 players
Game mode
Random Map
Map size
Normal (6 player)
Population
200
Speed
Normal
Resources
Standard
Victory
Conquest
Starting age
Dark Age
Ending age
Imperial Age
RankedLock teamsTeams togetherTeam positionsShared explorationLock speedFull tech treeHidden civsTurbo modeCheats
Victory
Defeat
🇹🇷 Byzantines · Türkiye
781
+14
🇹🇷 Romans · Türkiye
769
+14
🇹🇷 Britons · Türkiye
729
+17
🇪🇸 Huns · Spain
751
-29
🇨🇳 Persians · China
741
-15
🇹🇼 Goths · Taiwan
703
-14
m19951314735
0:38 Loom
15:21 Feudal Age
19:59 Castle Age
19:27 Bloodlines
23:24 Fletching
26:07 Double-Bit Axe
31:08 Kamandaran
31:41 Caravan
32:00 Forging
32:07 Stone Mining
32:08 Gold Mining
33:28 Wheelbarrow
32:49 Horse Collar
33:39 Pikeman
34:20 Squires
38:14 Imperial Age
36:41 Heavy Plow
36:54 Bow Saw
37:25 Bodkin Arrow
36:54 Crossbowman
37:42 Thumb Ring
39:48 Two-Man Saw
38:56 Cavalier
39:36 Husbandry
40:20 Halberdier
41:18 Padded Archer Armor
42:30 Scale Barding Armor
43:01 Iron Casting
42:42 Leather Archer Armor
43:39 Savar
45:09 Chain Barding Armor
47:19 Chemistry
47:42 Hand Cart
49:12 Gold Shaft Mining
51:49 Conscription
53:12 Light Cavalry
55:54 Elite War Elephant
documentacion.inf.org
13:06 Feudal Age
13:33 Horse Collar
15:05 Wheelbarrow
23:28 Castle Age
22:06 Double-Bit Axe
22:18 Stone Mining
24:26 Hand Cart
24:16 Heavy Plow
25:14 Bow Saw
27:05 Gold Mining
29:28 Gold Shaft Mining
36:45 Imperial Age
34:49 Marauders
37:15 Town Watch
38:41 Two-Man Saw
43:35 Elite Skirmisher
47:36 Elite Tarkan
51:02 Scale Barding Armor
50:58 Padded Archer Armor
50:48 Fletching
51:00 Scale Mail Armor
51:10 Forging
56:44 Chain Barding Armor
56:40 Leather Archer Armor
56:42 Chain Mail Armor
56:23 Bodkin Arrow
57:04 Iron Casting
58:40 Chemistry
58:00 Ballistics
57:37 Murder Holes
57:53 Masonry
TiGRaHsIEh
3:23 Loom
14:08 Feudal Age
16:01 Double-Bit Axe
18:50 Castle Age
16:39 Horse Collar
20:03 Bow Saw
28:17 Scale Mail Armor
30:21 Pikeman
31:02 Squires
33:39 Wheelbarrow
32:49 Town Watch
32:55 Man-at-Arms
34:17 Forging
34:13 Long Swordsman
36:19 Anarchy
36:47 Chain Mail Armor
37:08 Iron Casting
37:03 Heavy Plow
38:17 Gold Mining
38:18 Stone Mining
38:56 Caravan
44:51 Imperial Age
42:38 Hand Cart
42:23 Town Patrol
43:16 Fletching
45:49 Halberdier
45:51 Two-Handed Swordsman
47:57 Blast Furnace
47:53 Conscription
50:48 Champion
51:37 Elite Huskarl
53:23 Perfusion
55:08 Bodkin Arrow
Halbob
1:21 Loom
11:56 Feudal Age
13:55 Wheelbarrow
16:46 Double-Bit Axe
16:47 Horse Collar
20:23 Forging
20:15 Scale Mail Armor
24:28 Castle Age
28:18 Hand Cart
28:28 Heavy Plow
28:40 Bow Saw
28:24 Stone Mining
31:20 Iron Casting
31:01 Chain Mail Armor
30:46 Padded Archer Armor
30:36 Fletching
30:52 Scale Barding Armor
31:27 Fervor
34:12 Imperial Age
33:27 Pikeman
34:09 Squires
33:57 Gambesons
33:32 Man-at-Arms
33:44 Man-at-Arms
34:09 Gambesons
34:57 Fortified Wall
35:34 Treadmill Crane
38:00 Caravan
39:06 Plate Mail Armor
38:52 Leather Archer Armor
38:32 Bodkin Arrow
38:22 Elite Skirmisher
41:05 Illumination
41:04 Block Printing
43:29 Two-Man Saw
41:57 Elite Cataphract
42:39 Gold Mining
43:25 Stone Shaft Mining
45:17 Ring Archer Armor
44:48 Bracer
45:13 Chain Barding Armor
45:50 Conscription
45:47 Murder Holes
46:21 Ballistics
45:51 Arrowslits
47:20 Chemistry
47:22 Redemption
48:34 Coinage
51:06 Theocracy
55:19 Gold Shaft Mining
55:49 Long Swordsman
56:31 Two-Handed Swordsman
57:29 Champion
67:05 Plate Barding Armor
michelangelo
1:04 Loom
12:16 Feudal Age
13:32 Double-Bit Axe
13:28 Horse Collar
20:25 Castle Age
18:59 Stone Mining
20:57 Scale Mail Armor
22:12 Bow Saw
22:20 Chain Mail Armor
21:59 Man-at-Arms
22:56 Long Swordsman
24:50 Gold Mining
25:14 Heavy Plow
25:07 Fletching
25:31 Squires
25:46 Pikeman
27:12 Forging
29:28 Bodkin Arrow
30:46 Iron Casting
37:18 Imperial Age
35:24 Padded Archer Armor
36:22 Wheelbarrow
36:19 Scale Barding Armor
37:20 Fortified Wall
37:05 Murder Holes
39:13 Hand Cart
39:11 Elite Skirmisher
41:54 Gold Shaft Mining
40:56 Legionary
41:59 Ballistics
47:47 Conscription
48:39 Crop Rotation
49:15 Chemistry
49:45 Halberdier
51:33 Blast Furnace
53:24 Husbandry
53:36 Bloodlines
60:47 Comitatenses
61:36 Chain Barding Armor
67:53 Ballistas
67:53 Capped Ram
69:33 Heavy Scorpion
Baldemir
10:27 Feudal Age
9:34 Loom
11:31 Double-Bit Axe
12:01 Horse Collar
19:09 Castle Age
17:49 Gold Mining
18:03 Stone Mining
19:03 Padded Archer Armor
19:20 Fletching
20:19 Bow Saw
21:00 Heavy Plow
24:07 Wheelbarrow
24:02 Leather Archer Armor
25:17 Ballistics
25:53 Bodkin Arrow
26:53 Gold Shaft Mining
33:41 Imperial Age
31:36 Hand Cart
33:33 Yeomen
34:09 Elite Longbowman
35:43 Caravan
35:45 Bracer
36:16 Ring Archer Armor
36:48 Warwolf
38:05 Chemistry
37:42 Fortified Wall
38:06 Ring Archer Armor
38:52 Two-Man Saw
39:30 Conscription
45:25 Scale Barding Armor
45:30 Forging
66:58 Chain Barding Armor
66:39 Scale Mail Armor
67:15 Iron Casting
66:27 Arrowslits
66:53 Fortified Wall
66:38 Murder Holes
Connection lost

Rejoining the realm…

Still unreachable

The connection could not be restored.

Session expired

The server has moved on; the page needs a fresh start.